 Dungeon Crawl Stone Soup version 0.29.1-2-gbd0b4ee654 (webtiles) character file.

Game seed: 7762038507169527477

52264 Kranky the Severer (level 14, -4/130 HPs)
             Began as a Minotaur Berserker on Nov 20, 2022.
             Was the Champion of Trog.
             Slain by a molten gargoyle
             ... wielding a +0 mace
              (5 damage)
             ... while petrified by a basilisk
             ... on level 5 of the Lair of Beasts.
             The game lasted 00:41:59 (15293 turns).

Kranky the Severer (Minotaur Berserker)            Turns: 15293, Time: 00:41:59

Health: -4/130     AC: 19    Str: 27    XL:     14   Next: 26%
Magic:  22/22      EV:  2    Int:  4    God:    Trog [******]
Gold:   1125       SH:  0    Dex: 10    Spells: 13/13 levels left

rFire   . . .      SeeInvis .   H - +6 battleaxe (elec)
rCold   . . .      Faith    .   (shield currently unavailable)
rNeg    + + +      Spirit   .   y - +4 chain mail "Toinioj" {Regen+ MP+9 Slay+3}
rPois   ∞          Reflect  .   E - +1 hat
rElec   .          Harm     .   h - +0 cloak
rCorr   +          Rampage  .   (no gloves)
Will    +....                   (no boots)
Stlth   ..........              (no amulet)
HPRegen 1.11/turn               m - +4 ring of evasion
MPRegen 0.18/turn               z - ring of resist corrosion

@: lethally poisoned (-4 -> -4), petrified
A: horns 2, retaliatory headbutt
a: Renounce Religion, Berserk, Trog's Hand, Brothers in Arms


You were on level 5 of the Lair of Beasts.
You worshipped Trog.
Trog was exalted by your worship.
You visited 2 branches of the dungeon, and saw 18 of its levels.
You also visited: Bailey.

You collected 1261 gold pieces.
You spent 136 gold pieces at shops.

Inventory:

Hand Weapons
 c - a +1 trident of flaming
 H - a +6 battleaxe of electrocution (weapon)
 I - a +2 long sword of electrocution
 O - the +6 glaive "Namine" {vorpal, *Slow rN+++ rCorr SInv}
   (Trog gifted it to you on level 12 of the Dungeon)

   It inflicts extra damage upon your enemies.
   rN:        It renders you almost immune to negative energy.
   SInv:      It lets you see invisible.
   rCorr:     It protects you from acid and corrosion.
   *Slow:     It may slow you when you take damage.
Missiles
 b - a throwing net
 r - 3 boomerangs (quivered)
 t - 42 poisoned darts
Armour
 e - a +0 buckler
 h - a +0 cloak (worn)
 y - the +4 chain mail "Toinioj" (worn) {Regen+ MP+9 Slay+3}
   (You found it on level 4 of the Dungeon)

   Slay:      It affects your accuracy & damage with ranged weapons and melee
   (+3).
   MP:        It affects your magic capacity (+9).
   Regen:     It increases your rate of health regeneration.
 E - a +1 hat (worn)
Jewellery
 m - a +4 ring of evasion (left hand)
 z - a ring of resist corrosion (right hand)
 A - an amulet of magic regeneration
 U - a ring of protection from cold
 X - a ring of willpower
Wands
 l - a wand of iceblast (31)
 w - a wand of light (9)
 B - a wand of paralysis (10)
 F - a wand of flame (23)
 N - a wand of mindburst (11)
 W - a wand of polymorph (4)
Scrolls
 a - 3 scrolls of identify
 f - 5 scrolls of teleportation
 j - 4 scrolls of immolation
 n - 2 scrolls of poison {unknown}
 o - 5 scrolls of fear
 s - a scroll of summoning {unknown}
 u - 4 scrolls of blinking
 v - 3 scrolls of magic mapping
 x - 4 scrolls of noise
 C - 2 scrolls of brand weapon {unknown}
 J - 2 scrolls of enchant weapon {unknown}
 M - 6 scrolls of enchant armour {unknown}
 P - a scroll of acquirement {unknown}
 Q - 2 scrolls of silence
 R - 3 scrolls of butterflies {unknown}
Potions
 d - 2 potions of cancellation
 g - 2 potions of flight
 i - 7 potions of heal wounds
 k - a potion of invisibility
 p - 5 potions of curing
 q - 2 potions of mutation
 D - 3 potions of lignification
 G - a potion of experience
 K - a potion of might
 L - 2 potions of resistance {unknown}
 S - 3 potions of haste
 V - a potion of ambrosia {unknown}
Miscellaneous
 T - a phial of floods


   Skills:
 + Level 13.7 Fighting
 + Level 16.7(18.7) Axes
 - Level 14.0(17.3) Polearms
 + Level 12.3 Armour
 - Level 2.3 Dodging
 - Level 8.0 Shields
 - Level 6.0 Evocations


You had 13 spell levels left.
You didn't know any spells.
Your spell library was empty.

Dungeon Overview and Level Annotations

Branches:
Dungeon (13/15)            Temple (0/1) D:6            Lair (5/5) D:10
  Swamp (0/4) Lair:2       Spider (0/4) Lair:2        Slime (0/5) Lair:5
    Orc (0/2) D:12         Bailey (visited)
 Vaults: D:13-14

Altars:
Cheibriados
Kikubaaqudgha
Sif Muna

Shops:
D:5 (?*?   D:6 [   D:12 =

Annotations:
D:9 3 runed translucent doors, Heftharkona's ghost, novice GnWn
Lair:5 1 runed translucent door


Innate Abilities, Weirdness & Mutations

You have a pair of horns on your head.
You reflexively headbutt those who attack you in melee.


Message History

You are too injured to fight recklessly!
Unknown command.
You are too injured to fight recklessly!
You slice the basilisk!!
You kill the basilisk!
Trog accepts your kill.
You barely miss the basilisk.
You hit the molten gargoyle but do no damage.
The molten gargoyle blasts magma at you!
The bolt of magma hits you!! The basilisk bites you! The black mamba bites you!
* * * LOW HITPOINT WARNING * * *
You are poisoned.
The black mamba poisons you!
Your limbs are stiffening.
You slice the black mamba!!
You kill the black mamba!
Trog accepts your kill.
You hit the basilisk. You hit the molten gargoyle.
You feel very sick.
The molten gargoyle blasts magma at you!
The bolt of magma hits you!!
* * * LOW HITPOINT WARNING * * *
The basilisk gazes at you.
You easily resist.
The basilisk bites you!
* * * LOW HITPOINT WARNING * * *
The molten gargoyle blasts magma at you!
The bolt of magma misses you.
You have turned to stone.
The basilisk completely misses you.
The molten gargoyle hits you but does no damage.
The molten gargoyle hits you but does no damage.
The basilisk bites you.
The molten gargoyle hits you with a +0 mace!
* * * LOW HITPOINT WARNING * * *
You are engulfed in flames!
* * * LOW HITPOINT WARNING * * *
The basilisk bites you.
* * * LOW HITPOINT WARNING * * *
The molten gargoyle hits you with a +0 mace!
* * * LOW HITPOINT WARNING * * *
You are engulfed in flames!
You die...

#..............##
#P.............#
##............## #
#..........### ##§≈
#........### #S≈§≈
#.......## ####.....
#.......†###........
##......†#...l.......
#.......#.#.@†......#
##.......#####9†....#S
#.........# ##.....#
##......... ......≈
##........ ......≈
#........# ......#
##.......# .....#≈
###.......# .##.##
#........##


You could see a basilisk, a molten gargoyle and a lava snake.

Vanquished Creatures
  Gastronok (D:9)
  3 boulder beetles
  6 hydras
  Erica (D:8)
  3 two-headed ogres
  6 death yaks (Lair:4)
  Amaemon (D:9)
  A wizard (D:12)
  5 large abominations (D:12)
  3 deep elf pyromancers (D:12)
  An orc knight (Bailey)
  A manticore (D:11)
  The ghost of elongatedgoose the Conjurer, a novice GnCj of Nemelex Xobeh (D:6)
  A will-o-the-wisp (Lair:2)
  8 elephants
  7 black mambas
  A gargoyle (D:12)
  10 cane toads
  A kobold demonologist (D:10)
  An orange demon (D:9)
  2 unseen horrors
  12 komodo dragons
  2 rime drakes
  6 trolls
  Grinder (D:5)
  8 slime creatures
  Prince Ribbit (D:8)
  3 blink frogs (Lair:3)
  2 vampires (D:12)
  2 jumping spiders (Lair:2)
  A shadow (D:12)
  2 wyverns
  2 water elementals (D:12)
  45 yaks
  7 small abominations (D:12)
  2 basilisks
  Grum (D:9)
  6 vampire mosquitoes
  An acid dragon (D:11)
  13 water moccasins
  A two-headed ogre zombie (D:12)
  Duvessa (D:5)
  12 orc warriors
  2 ice beasts
  4 sky beasts
  6 black bears
  3 ogres
  5 centaurs
  12 wolves
  3 phantoms
  2 kobold brigands
  11 bullfrogs
  3 gnoll sergeants
  2 necrophages
  2 scorpions
  3 wights (D:7)
  A troll zombie (D:12)
  Dowan (D:5)
  11 killer bees
  7 howler monkeys
  4 electric eels
  A jelly (D:7)
  7 hounds
  4 orc priests
  6 iguanas
  4 orc wizards
  6 ogre zombies (D:12)
  12 adders
  16 gnolls
  2 shadow imps (D:6)
  4 white imps
  2 worms
  6 dart slugs
  33 orcs
  6 endoplasms
  3 giant cockroaches
  9 goblins
  A hobgoblin (D:3)
  18 kobolds
  2 quokkas (D:4)
  6 ball pythons
  6 bats
  2 frilled lizards
  2 goblin skeletons (D:12)
  2 goblin zombies (D:12)
  2 hobgoblin skeletons (D:12)
  5 hobgoblin zombies (D:12)
  2 orc skeletons (D:12)
  12 orc zombies (D:12)
  7 rats
465 creatures vanquished.

Vanquished Creatures (others)
  2 foxfires (Lair:2)
  38 fungi
  75 plants
115 creatures vanquished.

Grand Total: 580 creatures vanquished

Notes
Turn   | Place    | Note
-------+----------+-------------------------------------------
     0 | D:1      | Kranky the Minotaur Berserker began the quest for the Orb.
     0 | D:1      | Reached XP level 1. HP: 19/19 MP: 0/0
     6 | D:1      | Noticed a black bear
     6 | D:1      | Noticed a salamander
     7 | D:1      | Noticed a snapping turtle
     7 | D:1      | Noticed a lindwurm
   178 | D:1      | Reached XP level 2. HP: 27/27 MP: 1/1
   409 | D:1      | Found a faded altar of an unknown god.
   967 | D:2      | Reached ** piety under Trog
   980 | D:2      | Reached XP level 3. HP: 28/33 MP: 2/2
  1390 | D:2      | Reached skill level 5 in Polearms
  1390 | D:2      | Reached XP level 4. HP: 25/41 MP: 3/3
  2529 | D:3      | Reached XP level 5. HP: 36/47 MP: 4/4
  2997 | D:4      | Noticed a phantom
  3014 | D:4      | Killed a phantom
  3015 | D:4      | Reached skill level 5 in Fighting
  3129 | D:4      | Reached *** piety under Trog
  3130 | D:4      | Reached XP level 6. HP: 56/56 MP: 5/5
  3556 | D:4      | Identified the +4 chain mail "Toinioj" {Regen+ MP+9 Slay+3}
  3902 | D:5      | Entered Level 5 of the Dungeon
  4050 | D:5      | Noticed an ice beast
  4057 | D:5      | Killed an ice beast
  4058 | D:5      | Reached XP level 7. HP: 51/61 MP: 6/6
  4093 | D:5      | Found Tiwaosaj's Antique Weapon Emporium.
  4104 | D:5      | Reached skill level 5 in Armour
  4120 | D:5      | Noticed Duvessa
  4120 | D:5      | Noticed Dowan
  4141 | D:5      | Killed Duvessa
  4145 | D:5      | Killed Dowan
  4215 | D:5      | Reached XP level 8. HP: 70/70 MP: 7/7
  4217 | D:5      | Noticed Grinder
  4222 | D:5      | Killed Grinder
  4310 | D:5      | Found Weckeqiz's Neck Hole.
  4396 | D:5      | Found Ypaw's Magic Scroll Emporium.
  4405 | D:5      | Bought a scroll of teleportation for 39 gold pieces
  4405 | D:5      | Bought a scroll of magic mapping for 97 gold pieces
  4498 | D:5      | Found Quafiheq's Magic Scroll Shoppe.
  4748 | D:6      | Found Ocautos's Antique Armour Shoppe.
  4775 | D:6      | Found a staircase to the Ecumenical Temple.
  4779 | D:6      | Reached skill level 10 in Polearms
  4798 | D:6      | Reached skill level 1 in Shields
  4915 | D:6      | Reached **** piety under Trog
  5054 | D:6      | Reached XP level 9. HP: 79/79 MP: 8/8
  5069 | D:6      | Found a faded altar of an unknown god.
  5103 | D:6      | Noticed a troll
  5104 | D:6      | Found a runed translucent gate.
  5104 | D:6      | Found a runed translucent gate.
  5104 | D:6      | Found a runed translucent gate.
  5104 | D:6      | Noticed elongatedgoose's ghost (novice GnCj)
  5249 | D:5      | Killed a troll
  5284 | D:6      | Killed elongatedgoose's ghost
  5371 | D:7      | Found a flagged portal.
  5431 | Bailey   | Entered a bailey
  5543 | Bailey   | Reached XP level 10. HP: 80/88 MP: 9/9
  5751 | Bailey   | Noticed an orc knight
  5836 | Bailey   | Killed an orc knight
  6660 | D:8      | Reached skill level 1 in Axes
  6842 | D:8      | Noticed Prince Ribbit
  6848 | D:8      | Killed Prince Ribbit
  6890 | D:8      | Reached skill level 2 in Axes
  6891 | D:8      | Reached skill level 10 in Armour
  6939 | D:8      | Noticed a two-headed ogre
  6945 | D:8      | Killed a two-headed ogre
  6946 | D:8      | Reached skill level 4 in Axes
  7064 | D:8      | Reached ***** piety under Trog
  7129 | D:8      | Noticed Erica
  7142 | D:8      | Killed Erica
  7143 | D:8      | Reached skill level 5 in Axes
  7445 | D:9      | Reached XP level 11. HP: 83/99 MP: 10/10
  7448 | D:9      | Reached skill level 6 in Axes
  7458 | D:9      | Reached skill level 10 in Fighting
  7540 | D:9      | Reached skill level 7 in Axes
  7609 | D:9      | Noticed Amaemon
  7687 | D:9      | Killed Amaemon
  7688 | D:9      | Reached skill level 8 in Axes
  7753 | D:9      | Found an ancient bone altar of Kikubaaqudgha.
  7753 | D:9      | Found a shimmering blue altar of Sif Muna.
  7753 | D:9      | Found a snail-covered altar of Cheibriados.
  7813 | D:9      | Noticed Gastronok
  7814 | D:9      | Noticed Grum
  7827 | D:9      | Killed Gastronok
  7828 | D:9      | Reached skill level 9 in Axes
  7838 | D:9      | Killed Grum
  7998 | D:9      | Found a runed translucent gate.
  7998 | D:9      | Found a runed translucent gate.
  7998 | D:9      | Found a runed translucent gate.
  8176 | D:9      | Noticed a ten-headed hydra
  8177 | D:9      | Noticed Heftharkona's ghost (novice GnWn)
  8400 | D:10     | Entered Level 10 of the Dungeon
  8422 | D:10     | Found a staircase to the Lair.
  8442 | D:10     | Reached skill level 10 in Axes
  8864 | D:10     | Reached skill level 11 in Axes
  9078 | D:11     | You fall into a shaft and drop 2 floors!
  9084 | D:12     | Noticed a boulder beetle
  9096 | D:12     | Killed a boulder beetle
  9097 | D:12     | Reached skill level 1 in Evocations
  9105 | D:12     | HP: 4/102 [slime creature (12)]
  9228 | D:11     | Noticed a boulder beetle
  9234 | D:11     | Killed a boulder beetle
  9235 | D:11     | Reached XP level 12. HP: 99/110 MP: 11/11
  9475 | D:11     | Noticed a boulder beetle
  9487 | D:11     | Killed a boulder beetle
  9488 | D:11     | Reached skill level 12 in Axes
  9647 | D:11     | Noticed a four-headed hydra
  9657 | D:11     | Killed a four-headed hydra
  9658 | D:11     | Reached skill level 5 in Shields
  9941 | D:12     | Found a staircase to the Orcish Mines.
  9942 | D:12     | Identified the +6 glaive "Namine" {vorpal, *Slow rN+++
                  | rCorr SInv} (Trog gifted it to you on level 12 of the
                  | Dungeon)
  9942 | D:12     | Received a gift from Trog
 10076 | D:12     | Reached ****** piety under Trog
 10221 | D:12     | Found Neheef's Jewellery Shoppe.
 10233 | D:12     | Noticed a two-headed ogre
 10239 | D:12     | Killed a two-headed ogre
 10251 | D:12     | Reached skill level 13 in Axes
 10255 | D:12     | Identified the +0 halberd "Ocrulylo" {drain, rCorr}
 10519 | D:12     | Noticed a two-headed ogre
 10525 | D:12     | Killed a two-headed ogre
 10527 | D:12     | Received a gift from Trog
 10988 | D:12     | Noticed an eight-headed hydra
 10995 | D:12     | Killed a 12-headed hydra
 11172 | D:13     | Noticed a catoblepas
 11294 | Lair:1   | Entered Level 1 of the Lair of Beasts
 11362 | Lair:1   | Reached XP level 13. HP: 85/118 MP: 12/12
 11451 | Lair:1   | Reached skill level 14 in Axes
 11455 | Lair:1   | You fall into a shaft and drop 1 floor!
 12177 | Lair:2   | Found a hole to the Spider Nest.
 12181 | Lair:2   | Received a gift from Trog
 12495 | Lair:2   | Reached skill level 5 in Evocations
 12552 | Lair:2   | Found a staircase to the Swamp.
 12980 | Lair:3   | Reached skill level 15 in Axes
 13936 | Lair:4   | Reached skill level 16 in Axes
 14176 | Lair:4   | Reached XP level 14. HP: 129/129 MP: 13/13
 14674 | Lair:5   | Entered Level 5 of the Lair of Beasts
 14738 | Lair:5   | Found a runed translucent door.
 14738 | Lair:5   | Noticed an azure jelly
 14739 | Lair:5   | Found a staircase to the Slime Pits.
 14739 | Lair:5   | Noticed an azure jelly
 14740 | Lair:5   | Noticed an azure jelly
 15292 | Lair:5   | HP: 6/130 [basilisk (1)]
 15293 | Lair:5   | HP: 1/130 [molten gargoyle/+0 mace (6)]
 15293 | Lair:5   | Slain by a molten gargoyle

Illustrated notes

Levels and vault maps discovered:
D:1:      onia_arrival_zoo_common, layout_basic,
          shapermc_ecumenical_altar_totnotflames
D:2:      layout_basic, nicolae_grassy_gnolls
D:3:      layout_basic
D:4:      layout_basic, minmay_misc_feat_doors
D:5:      layout_basic, serial_shops, nicolae_lakefront_shop, shop,
          kennysheep_mini_moat, nicolae_shop_sticking_my_neck_out, uniq_duvessa,
          uniq_grinder
D:6:      layout_cave_pools, minmay_temple_entry_water_ring,
          gammafunk_ghost_split, serial_shops, nicolae_shop_stone,
          serial_column_ruins, column_ruins_square_medium,
          column_ruins_temple_hall, column_ruins_corridor_dead_end,
          column_ruins_open_small, column_ruins_grid_3, column_ruins_grid_1,
          column_ruins_open_medium, grunt_ministairs_6, chequers_arboretum
D:7:      layout_loops_ring, enter_bailey_2, serial_glass, glass_columns_a,
          glass_columns_b
D:8:      layout_gridville, uniq_erica, uniq_prince_ribbit1
D:9:      layout_irregular_city, gammafunk_temple_overflow_claw,
          gammafunk_ghost_hydra_chop, uniq_gastronok, uniq_grum, uniq_amaemon
D:10:     layout_irregular_city, due_lair_maze_entry_diamond,
          minmay_misc_feat_hallway
D:11:     layout_irregular_city, serial_column_ruins, column_ruins_hut,
          column_ruins_hut_ruined, column_ruins_grid_3,
          column_ruins_open_medium, column_ruins_grid_1,
          column_ruins_corridor_dead_end, minivault_5
D:12:     layout_rooms, zombieorc2_lemuel, serial_shops, shop_statue,
          serial_bayou, serial_bayou_lagoon_a, serial_bayou_crossing,
          serial_bayou_pond_c, serial_bayou_shore_a, serial_bayou_lagoon_b,
          laboratory
D:13:     layout_roguey, erik_vaults_1, kennysheep_path_1, minivault_19,
          grunt_dithmenos_smoke, uniq_frances, uniq_rupert
Lair:1:   beast_lair_carwin_large_2, layout_chaotic_city
Lair:2:   layout_loops_ring, minmay_swamp_entry_wisps, spider_nest_entry_a,
          grunt_megastairs_2
Lair:3:   layout_regular_city
Lair:4:   layout_gridlike, infiniplex_staircase_pool_2, grunt_megastairs_3
Lair:5:   cheibrodos_lair_end_hotspot, layout_regular_city, slime_entry_2,
          serial_bayou_shore_b

Skill      XL: |  1  2  3  4  5  6  7  8  9 10 11 12 13 14 |
---------------+-------------------------------------------+-----
Polearms       | 4 5 6 7 9 11 13 14 | 14.0
Fighting       | 4 5 6 7 8 9 11 12 13 | 13.7
Armour         | 3 4 6 7 8 10 11 12 | 12.3
Shields        | 1 3 4 6 8 |  8.0
Axes           | 5 11 13 16 | 16.7
Evocations     | 1 4 6 |  6.0
Dodging        | |  2.3

Action                   |  1- 3 |  4- 6 |  7- 9 | 10-12 | 13-15 || total
-------------------------+-------+-------+-------+-------+-------++-------
Melee: Spear             |    74 |    69 |       |       |       ||   143
       Headbutt          |     9 |    24 |    29 |    84 |    55 ||   201
       Punch             |     1 |     1 |       |       |       ||     2
       Trident           |       |   120 |   170 |    74 |    47 ||   411
       Battleaxe         |       |       |       |   338 |   244 ||   582
       Glaive            |       |       |       |    12 |       ||    12
Invok: Berserk           |     1 |       |       |     1 |       ||     2
       Trog's Hand       |       |       |       |     1 |       ||     1
  Use: Scroll            |       |     5 |     1 |     2 |    11 ||    19
       Potion            |       |       |       |     1 |     1 ||     2
 Stab: Sleeping          |     1 |       |       |       |       ||     1
Armor: Animal skin       |     4 |       |       |       |       ||     4
       Chain mail        |    14 |    46 |    59 |   208 |   148 ||   475
Dodge: Dodged            |    24 |    74 |    97 |   271 |   166 ||   632
Block: Buckler           |       |       |    20 |    14 |     9 ||    43
